 Dungeon Crawl Stone Soup version 0.31-a0-1074-g0b22e4e0f1 (webtiles) character file.

Game seed: 11653239835802117354

130 grandjackal the Trooper (level 5, -9/55 HPs)
             Began as an Ogre Warper on Nov 29, 2023.
             Mangled by a gnoll bouda
             ... wielding a +0 whip
              (11 damage)
             ... on level 4 of the Dungeon.
             The game lasted 00:03:13 (2568 turns).

grandjackal the Trooper (Ogre Warper)               Turns: 2568, Time: 00:03:13

Health: -9/55      AC:  4    Str: 21    XL:     5   Next: 13%
Magic:  10/10      EV: 14    Int: 16    God:
Gold:   136        SH:  0    Dex:  8    Spells: 5/11 levels left

rFire   . . .        a - +0 mace
rCold   . . .        (no shield)
rNeg    . . .        b - +0 robe
rPois   .            (helmet restricted)
rElec   .            l - +0 cloak
rCorr   .            (gloves unavailable)
SInv    .            (boots unavailable)
Will    .....        (no amulet)
Stlth   +            j - +5 ring of evasion
HPRegen 0.29/turn    k - +6 ring of strength
MPRegen 0.12/turn

%: no passive effects
@: no status effects
A: large, unfitting armour, tough skin 1
a: no special abilities


You were on level 4 of the Dungeon.
You visited 1 branch of the dungeon, and saw 4 of its levels.

You collected 136 gold pieces.

Inventory:

Hand Weapons
 a - a +0 mace (weapon)
 i - a +1 dagger of protection
Missiles
 d - 7 darts of dispersal (quivered)
Armour
 b - a +0 robe (worn)
 l - a +0 cloak (worn)
Jewellery
 j - a +5 ring of evasion (left hand)
 k - a +6 ring of strength (right hand)
 q - a ring of positive energy
 t - a ring of protection from fire
Scrolls
 c - a scroll of blinking
 e - a scroll of noise {unknown}
 f - a scroll of revelation {unknown}
 g - a scroll of summoning {unknown}
 p - a scroll of vulnerability {unknown}
 r - 2 scrolls of teleportation {unknown}
 s - a scroll of identify
Potions
 h - 2 potions of brilliance
 m - a potion of attraction
 n - a potion of invisibility
 o - a potion of might


   Skills:
 + Level 4.4 Fighting
 - Level 2.0 Maces & Flails
 - Level 1.0 Throwing
 - Level 2.1 Dodging
 + Level 3.8 Spellcasting
 + Level 3.6 Translocations


You had 5 spell levels left.
You knew the following spells:

 Your Spells              Type           Power      Damage    Failure   Level
a - Blink                 Tloc           28%        N/A       6%          2
b - Manifold Assault      Tloc           14%        N/A       36%         4

Your spell library contained the following spells:

 Spells                   Type           Power      Damage    Failure   Level
 Lesser Beckoning         Tloc           28%        N/A       6%          2
 Teleport Other           Tloc           14%        N/A       12%         3
 Vhi's Electric Charge    Tloc/Air       16%        N/A       63%         4


Dungeon Overview and Level Annotations

Branches:
Dungeon (4/15)
 Temple: D:4-7

Altars:
Xom


Innate Abilities, Weirdness & Mutations

You are too large for most types of armour.
You have tough skin. (AC +1)


Message History

The gnoll bouda is moderately wounded.
A gnoll comes into view. It is wielding a +0 halberd.
The gnoll bouda barks out a call to the hunt!
The gnoll picks up the pace!
You hit the gnoll bouda. Your punch misses the gnoll bouda.
The gnoll bouda is heavily wounded.
The gnoll bouda barely misses you. The gnoll closely misses you.
The gnoll hits you with a +0 halberd. The gnoll bouda closely misses you.
You hit the gnoll.
The gnoll is heavily wounded.
Your attacks no longer feel as feeble.
The gnoll hits you with a +0 halberd! The gnoll bouda completely misses you.
You hit the gnoll bouda.
The gnoll bouda is heavily wounded.
The gnoll hits you with a +0 halberd. The gnoll bouda barely misses you.
The gnoll closely misses you.
You closely miss the gnoll bouda.
The gnoll bouda is heavily wounded.
The gnoll bouda misses you. The gnoll barely misses you.
You hit the gnoll bouda.
The gnoll bouda is severely wounded.
The gnoll bouda barely misses you. The gnoll hits you with a +0 halberd!
* * * LOW HITPOINT WARNING * * *
The gnoll bouda utters an invocation to its god.
The gnoll bouda is healed somewhat.
You hit the gnoll bouda.
The gnoll bouda is severely wounded.
The gnoll closely misses you.
A gnoll comes into view. It is wielding a +0 spear.
The gnoll bouda barely misses you.
The gnoll shouts!
You hit the gnoll bouda.
The gnoll bouda is almost dead.
You hear a shout!
The gnoll hits you with a +0 halberd.
* * * LOW HITPOINT WARNING * * *
The gnoll hits you from afar with a +0 spear!
* * * LOW HITPOINT WARNING * * *
The gnoll bouda hits you with a +0 whip!
You die...

#.# #.#...........# #.#
#.##.##########
#.###.##.#
#.....##.####### ###
#'######.#.....# ...
.....###.#.....#####.###
.....'...g.....g........
.....###.#.....#g..#..#
.....# #.#.....#@..#
.....# #.#######.g.#
.....# #.# #...# .....#
#.# ##....... .....# #.#
.##.... .....# #.# .#
.### #.# .# # #.# .# ..


You could see a gnoll bouda and 2 gnolls.

Vanquished Creatures
  A hound (D:4)
  4 adders
  A worm (D:2)
  A dart slug (D:1)
  An orc (D:3)
  4 endoplasms
  3 giant cockroaches
  5 goblins
  3 hobgoblins
  5 kobolds
  A quokka (D:1)
  10 ball pythons
  9 bats
  2 frilled lizards (D:1)
  9 rats
59 creatures vanquished.

Notes
Turn   | Place    | Note
-------+----------+-------------------------------------------
     0 | D:1      | grandjackal the Ogre Warper began the quest for the Orb.
     0 | D:1      | Reached XP level 1. HP: 22/22 MP: 3/3
   222 | D:1      | Reached XP level 2. HP: 22/29 MP: 5/5
   251 | D:1      | Learned a level 2 spell: Blink
   261 | D:1      | Reached skill level 3 in Fighting
   525 | D:1      | Reached XP level 3. HP: 37/37 MP: 7/7
  1068 | D:2      | Reached XP level 4. HP: 48/48 MP: 8/8
  1077 | D:2      | Learned a level 4 spell: Manifold Assault
  1364 | D:2      | Reached skill level 4 in Fighting
  1996 | D:3      | Found a shimmering altar of Xom.
  2481 | D:4      | Reached XP level 5. HP: 51/55 MP: 10/10
  2568 | D:4      | HP: 2/55 [gnoll/+0 spear[a gnoll bouda] (8)]
  2568 | D:4      | Mangled by a gnoll bouda

Illustrated notes

Levels and vault maps discovered:
D:1:      mrwooster_arrival_statue_3, layout_basic, minmay_shallow_snake_nest
D:2:      layout_rooms
D:3:      layout_basic, mainiacjoe_overflow_catwalk
D:4:      layout_basic, nicolae_elemental_shop

Skill      XL: |  1  2  3  4 |
---------------+-------------+-----
Fighting       | 3 4 |  4.4
Maces & Flails | 2 |  2.0
Translocations | 3 |  3.6
Spellcasting   | 3 |  3.8
Throwing       | |  1.0
Dodging        | |  2.1

Action                     |  1- 3 |  4- 6 || total
---------------------------+-------+-------++-------
  Melee: Mace              |    57 |     8 ||    65
         Dagger            |    99 |   197 ||   296
         Punch             |     2 |     2 ||     4
    Use: Scroll            |       |     4 ||     4
 Armour: Robe              |   115 |    94 ||   209
  Dodge: Dodged            |   115 |   158 ||   273

Table legend: (Time is in decaauts)
 A = Elapsed time spent in this place.
 B = Non-inter-level travel time spent in this place.
 C = Inter-level travel time spent in this place.
 D = Time resting spent in this place.
 E = Time spent auto-exploring this place.
 F = Levels seen in this place.
 G = Mean time per level.
                   A        B        C        D        E       F      G
               +--------+--------+--------+--------+--------+-----+--------+
         Total |   2583 |   2517 |     66 |    137 |   1767 |   4 |  645.8 |
       Dungeon |   2583 |   2517 |     66 |    137 |   1767 |   4 |  645.8 |
               +--------+--------+--------+--------+--------+-----+--------+

Top non-repeatable levels by time:
     D:3: 974 daAuts
     D:1: 936 daAuts
     D:2: 525 daAuts
     D:4: 147 daAuts
